 Dungeon Crawl Stone Soup version 0.19.1-1-g22dce08 (webtiles) character file.

147 Lennu the Insei (level 5, -2/25 HPs)
             Began as a Vine Stalker Transmuter on Jan 6, 2017.
             Slain by Duvessa
             ... wielding a +2 rapier of venom
              (5 damage)
             ... on level 4 of the Dungeon.
             The game lasted 00:15:08 (3390 turns).

Lennu the Insei (Vine Stalker Transmuter)           Turns: 3390, Time: 00:15:08

Health: -2/25      AC:  9    Str: 11 (12) XL:     5   Next: 29%
Magic:  0/18       EV:  5    Int: 12 (13) God:
Gold:   210        SH:  0    Dex: 13 (16) Spells: 1 memorised, 8 levels left

rFire  . . .     SeeInvis .       - Unarmed
rCold  . . .     Gourm    .     f - +0 chain mail (curse)
rNeg   . . .     Faith    .     (no shield)
rPois  .         Spirit   +     (no helmet)
rElec  .         Reflect  .     i - +0 cloak
rCorr  .         Harm     +     (no gloves)
MR     .....                    (no boots)
Stlth  ..........               p - amulet of harm
                                (no ring)
                                e - ring of magical power

@: lethally poisoned (-2 -> -7)
A: fangs 2, regeneration 1, magic shield, antimagic bite, no device heal 3, rot
immunity
a: no special abilities


You were on level 4 of the Dungeon.
You were hungry.

You visited 1 branch of the dungeon, and saw 4 of its levels.

You collected 210 gold pieces.

Inventory:

Hand Weapons
 l - a cursed -1 club
Missiles
 a - 52 arrows
Armour
 f - a cursed +0 chain mail (worn)
 h - a +1 ring mail
 i - a +0 cloak (worn)
 q - a +0 leather armour
Jewellery
 e - a ring of magical power (left hand)
 p - an amulet of harm (around neck)
Scrolls
 k - 2 scrolls of amnesia
 m - a scroll of magic mapping
 n - a scroll of teleportation
 v - a scroll of remove curse
Potions
 b - a potion of invisibility
 o - a potion of cure mutation {unknown}
 t - 2 potions of lignification {unknown}
 u - 2 potions of heal wounds {unknown}
Books
 c - a book of Changes

   Spells                             Type                      Level
   a - Beastly Appendage              Transmutation                1
   b - Sticks to Snakes               Transmutation                2
   c - Spider Form                    Transmutation/Poison         3
   d - Ice Form                       Ice/Transmutation            4
   e - Blade Hands                    Transmutation                5
Comestibles
 d - 7 bread rations
 r - 3 chunks of flesh
 s - a beef jerky
 w - a meat ration


   Skills:
 * Level 1.5 Fighting
 * Level 0.8 Armour
 * Level 1.9 Dodging
 + Level 0.3 Stealth
 * Level 4.2 Unarmed Combat
 * Level 2.6 Spellcasting
 * Level 3.0 Transmutations


You had 8 spell levels left.
You knew the following spells:

 Your Spells              Type           Power        Failure   Level  Hunger
a - Beastly Appendage     Tmut           #.....       100%        1    #......


Dungeon Overview and Level Annotations

Branches:
Dungeon (4/15)
 Temple: D:4-7

Altars:
Makhleb
Okawaru

Annotations:
D:4 Dowan, Duvessa


Innate Abilities, Weirdness & Mutations

You have extremely sharp teeth.
Your natural rate of healing is unusually fast.
When hurt, damage is shared between your health and your magic reserves.
Your bite disrupts and absorbs the magic of your enemies.
Potions and wands cannot restore your health.
You are immune to rotting.


Message History

Duvessa hits you with a rapier of venom.
You hit Duvessa.
Duvessa is severely wounded.
Duvessa hits you with a rapier of venom.
* * * LOW HITPOINT WARNING * * *
You are poisoned.
Dowan says, "Magic and the sword, together, will defeat you."
You hit Duvessa but do no damage.
Duvessa is severely wounded.
You feel sick. Duvessa barely misses you.
Dowan says, "Magic and the sword, together, will defeat you."
Duvessa hits you with a rapier of venom.
* * * LOW HITPOINT WARNING * * *
You are lethally poisoned!
You closely miss Duvessa. Your bite misses Duvessa.
Duvessa is severely wounded.
* * * LOW HITPOINT WARNING * * *
You feel sick.
Duvessa hits you with a rapier of venom!
You die...

##......# ........#
...####.######### ...#
#.#.......# ...#
#.#.......#
...####.#.......#
...##.#.#.......#
...##.#.........########
...##.###.......@eeO....
...##......#'###########
#.######.# ##.######.#
#.......#.#
##########.#.#
.......[...#.#
############.# #.#


You could see Duvessa, an ogre and Dowan.

Vanquished Creatures
  3 adders
  2 oozes
  An adder skeleton (D:4)
  5 worms
  3 dart slugs
  2 leopard geckos (D:1)
  5 orcs
  5 giant cockroaches
  13 hobgoblins
  3 quokkas
  2 ball pythons
  8 bats
  A frilled lizard (D:3)
  8 goblins
  A jackal skeleton (D:4)
  12 kobolds
  6 rats
80 creatures vanquished.

Notes
Turn   | Place    | Note
-------+----------+-------------------------------------------
     0 | D:1      | Lennu the Vine Stalker Transmuter began the quest for the Orb.
     0 | D:1      | Reached XP level 1. HP: 9/9 MP: 4/4
   243 | D:1      | Reached XP level 2. HP: 5/14 MP: 3/6
  1044 | D:1      | Reached skill level 1 in Fighting
  1044 | D:1      | Reached XP level 3. HP: 11/18 MP: 7/7
  1503 | D:2      | Found an iron altar of Okawaru.
  1506 | D:2      | Gained mutation: Your natural rate of healing is unusually fast. [Vine Stalker growth]
  1506 | D:2      | Reached XP level 4. HP: 18/22 MP: 6/8
  1761 | D:2      | Reached skill level 4 in Unarmed Combat
  2634 | D:3      | Reached XP level 5. HP: 24/25 MP: 9/9
  3087 | D:2      | Found a burning altar of Makhleb.
  3377 | D:4      | Noticed Duvessa
  3378 | D:4      | Noticed Dowan
  3383 | D:4      | Noticed an ogre
  3390 | D:4      | Slain by Duvessa

Skill      XL: |  1  2  3  4  5 |
---------------+----------------+-----
Fighting       | 1 |  1.5
Unarmed Combat | 4 |  4.2
Transmutations | 3 |  3.0
Armour         | |  0.8
Dodging        | |  1.9
Stealth        | |  0.3
Spellcasting   | |  2.6

Action                   |  1- 3 |  4- 6 || total
-------------------------+-------+-------++-------
Melee: Unarmed           |   112 |   138 ||   250
       Bite              |    23 |    33 ||    56
       Kick              |     6 |     2 ||     8
       Headbutt          |     2 |     8 ||    10
       Punch             |     2 |     3 ||     5
 Cast: Beastly Appendage |     5 |    16 ||    21
  Use: Scroll            |       |    10 ||    10
       Potion            |       |     2 ||     2
  Eat: Chunk             |     2 |     6 ||     8
Armor: Robe              |     2 |       ||     2
       Ring mail         |    32 |     2 ||    34
       Leather armour    |       |    27 ||    27
       Chain mail        |       |    13 ||    13
Dodge: Dodged            |    63 |    72 ||   135
